 Dungeon Crawl Stone Soup version 0.30.0-19-g36f170ea60 (webtiles) character file.

Game seed: 1908613162925622152

205 Sabo the Chopper (level 5, -5/42 HPs)
             Began as a Demonspawn Berserker on May 29, 2023.
             Was a Priest of Trog.
             Slain by an ogre
             ... wielding a +0 giant club
              (29 damage)
             ... on level 4 of the Dungeon.
             The game lasted 00:19:52 (3099 turns).

Sabo the Chopper (Demonspawn Berserker)             Turns: 3099, Time: 00:19:53

Health: -5/42      AC: 11    Str: 19    XL:     5   Next: 52%
Magic:  5/5        EV:  8    Int:  9    God:    Trog [***...]
Gold:   81         SH:  4    Dex: 12    Spells: 4/4 levels left

rFire   . . .        a - +0 hand axe
rCold   . . .        (no shield)
rNeg    . . .        m - +0 chain mail
rPois   .            (no helmet)
rElec   .            e - scarf {+Inv}
rCorr   .            (no gloves)
SInv    +            b - +0 pair of boots
Will    .....        (no amulet) Stlth
                     h - ring of see invisible
HPRegen 0.27/turn    (no ring)
MPRegen 0.09/turn

%: no passive effects
@: no status effects
A: hooves 1, rugged brown scales 1, foul stench 1, condensation shield
a: Renounce Religion, Evoke Invisibility, Berserk, Trog's Hand


You were on level 4 of the Dungeon.
You worshipped Trog.
Trog was most pleased with you.
You visited 1 branch of the dungeon, and saw 4 of its levels.

You collected 81 gold pieces.

Inventory:

Hand Weapons
 a - a +0 hand axe (weapon)
 c - a +2 dagger of venom
Missiles
 d - 5 poisoned darts (quivered)
Armour
 b - a +0 pair of boots (worn)
 e - a scarf of invisibility (worn)
 m - a +0 chain mail (worn)
Jewellery
 h - a ring of see invisible (left hand)
Scrolls
 g - a scroll of teleportation
 l - a scroll of fog
Potions
 f - a potion of heal wounds
 j - 2 potions of lignification {unknown}
 k - a potion of brilliance {unknown}
 n - 2 potions of curing {unknown}


   Skills:
 + Level 3.6 Fighting
 + Level 4.1 Axes
 + Level 2.9 Armour
 + Level 2.3 Dodging
 + Level 0.8 Stealth
 + Level 1.0 Shields


You had 4 spell levels left.
You didn't know any spells.
Your spell library was empty.

Dungeon Overview and Level Annotations

Branches:
Dungeon (4/15)
 Temple: D:4-7

Altars:
Kikubaaqudgha

Annotations:
D:1 1 transporter


Innate Abilities, Weirdness & Mutations

You have large cloven feet.
You are partially covered in rugged brown scales. (AC +1, +3% HP)
You may rarely emit foul miasma when damaged in melee.
A meltable shield of frost defends you. (SH +4)


Message History

You kill the kobold!
Trog accepts your kill.
An ogre comes into view. It is wielding a +0 giant club.
The ogre shouts!
The dart slug bites you but does no damage.
Things that are here:
a +0 short sword; 2 boomerangs; a scroll labelled TUSAGAOSUE You hit the dart slug.
The dart slug is severely wounded.
The dart slug barely misses you.
You hit the dart slug.
You kill the dart slug!
Trog accepts your kill.
Press: ? - help, v - describe, . - travel
Here: an ogre, wielding a +0 giant club The floor.
An ogre is nearby!
Throw: 2 darts (atropa)
Press: ? - help, Q - select action, (/) - cycle Shift-Dir - straight line, f/p - ogre
Aim: an ogre, wielding a +0 giant club (73% to hit, chance to blind on hit: 27%)
You throw an atropa-tipped dart. The atropa-tipped dart hits the ogre.
The ogre resists.
Throw: dart (atropa)
Press: ? - help, Q - select action, (/) - cycle Shift-Dir - straight line, f/p - ogre
Aim: an ogre, wielding a +0 giant club (73% to hit, chance to blind on hit: 27%)
You throw an atropa-tipped dart. The atropa-tipped dart hits the ogre.
The ogre resists.
Throw: 6 darts (poison)
Press: ? - help, Q - select action, (/) - cycle Shift-Dir - straight line, f/p - ogre
Aim: an ogre, wielding a +0 giant club (73% to hit)
You throw a poisoned dart. The poisoned dart hits the ogre.
The ogre is poisoned.
You hit the ogre.
The ogre is lightly wounded.
The ogre hits you with a +0 giant club!
You hit the ogre but do no damage.
The ogre is lightly wounded.
The ogre hits you with a +0 giant club!!
Ouch! That really hurt!
You die...

## #..
#.#...#########
...(((O@......#
#.....######.##
.>..# #"# ...
#.# #. #.# #.
#.# #. #.# #.
#.# #. #.#


You could see an ogre (poisoned).

Vanquished Creatures
  A phantom (D:4)
  A scorpion (D:4)
  3 dart slugs
  4 orcs
  4 ball pythons
  4 endoplasms
  2 giant cockroaches
  10 goblins
  5 hobgoblins
  3 quokkas
  4 bats
  5 frilled lizards
  6 kobolds
  14 rats
66 creatures vanquished.

Notes
Turn   | Place    | Note
-------+----------+-------------------------------------------
     0 | D:1      | Sabo the Demonspawn Berserker began the quest for the Orb.
     0 | D:1      | Reached XP level 1. HP: 18/18 MP: 1/1
   429 | D:1      | Gained mutation: You may rarely emit foul miasma when
                  | damaged in melee. [demonic ancestry]
   429 | D:1      | Reached XP level 2. HP: 18/24 MP: 2/2
   558 | D:1      | Found a faded altar of an unknown god.
  1138 | D:2      | Reached skill level 3 in Axes
  1297 | D:2      | Reached ** piety under Trog
  1392 | D:2      | Gained mutation: A meltable shield of frost defends you.
                  | (SH +4) [demonic ancestry]
  1392 | D:2      | Reached XP level 3. HP: 29/29 MP: 3/3
  2109 | D:3      | Found an ancient bone altar of Kikubaaqudgha.
  2516 | D:3      | Reached *** piety under Trog
  2804 | D:3      | Gained mutation: You are partially covered in rugged brown
                  | scales. (AC +1, +3% HP) [demonic ancestry]
  2804 | D:3      | Reached XP level 4. HP: 29/36 MP: 4/4
  3016 | D:4      | Noticed a scorpion
  3023 | D:4      | Killed a scorpion
  3068 | D:4      | Noticed a phantom
  3084 | D:4      | Killed a phantom
  3085 | D:4      | Reached skill level 4 in Axes
  3085 | D:4      | Reached skill level 1 in Shields
  3085 | D:4      | Gained mutation: You have large cloven feet. [demonic
                  | ancestry]
  3085 | D:4      | Reached XP level 5. HP: 33/42 MP: 5/5
  3092 | D:4      | Noticed an ogre
  3099 | D:4      | Slain by an ogre

Illustrated notes

Levels and vault maps discovered:
D:1:      spicycebolla_arrival_risky_transporter, layout_basic,
          chequers_ecumenical_altar_lobes
D:2:      layout_loops_ring, minmay_misc_feat_more_columns
D:3:      layout_basic, mainiacjoe_overflow_surrounded_room,
          kennysheep_flooded_box, grunt_ministairs_5, minmay_circle_x
D:4:      layout_basic, minmay_temple_entry_large_hall,
          nicolae_shop_unique_rings

Skill      XL: |  1  2  3  4 |
---------------+-------------+-----
Armour         | 2 |  2.9
Axes           | 3 4 |  4.1
Dodging        | 2 |  2.3
Shields        | 1 |  1.0
Fighting       | |  3.6
Stealth        | |  0.8

Action                     |  1- 3 |  4- 6 || total
---------------------------+-------+-------++-------
  Melee: Hand axe          |   151 |    35 ||   186
  Throw: Dart              |       |     3 ||     3
    Use: Scroll            |     7 |       ||     7
   Stab: Sleeping          |     1 |       ||     1
 Armour: Leather armour    |    29 |       ||    29
         Chain mail        |    32 |    14 ||    46
  Dodge: Dodged            |    75 |     9 ||    84
  Block: Other             |    19 |     7 ||    26
